[Event "Late-Titled-Tuesday-Blitz-July-09-2024"]
[Site "Chess.com"]
[Date "2024.07.09"]
[Round "3"]
[White "GoltsevDmitry2000"]
[Black "Jospem"]
[Result "1-0"]
[WhiteElo "2772"]
[BlackElo "3104"]
[TimeControl "180+1"]
[EndTime "14:29:14 PDT"]
[Termination "GoltsevDmitry2000 won on time"]

1. e4 c5 2. Nf3 d6 3. d4 cxd4 4. Nxd4 a6 5. Nc3 e6 6. Be2 b5 7.
a3 Bb7 8. O-O Nd7 9. Be3 Ngf6 10. f3 Be7 11. Qd2 O-O 12. Rad1 Rc8 13. Nb3 Qc7 14.
Rfe1 d5 15. exd5 Nxd5 16. Nxd5 Bxd5 17. Bd3 Bd6 18. f4 Nf6 19. Nd4 Rfe8 20. c3 h5 21. h3 Qb7 22. Qf2 Be4 23. Bxe4 Nxe4 24. Qf3 h4 25. Bf2 f5 26. Bxh4 Qf7 27. Bg5 Bc5 28. Kh2 g6 29. Rxe4 fxe4 30. Qxe4 Bb6 31. Nc6 Rc7 32. Nd8 Qf5 33. Qxf5 gxf5 34. Rd6 Bc5 35.
Rxa6 e5 36. fxe5 Rxe5 37. Bf4 Rce7 38. Nc6 Re2 39. Nxe7+ Bxe7 40. b4 Re4 41. Bd6 Bf6 42. Rb6 f4 43. Rxb5 Bh4 44. Bxf4 Rxf4 45. g3 Rf2+ 46. Kg1 Rc2 47. gxh4 Rxc3 48. a4 Ra3 49. a5 Kf7 50. Rb6 Rxh3 51. a6 Ra3 52. h5 Kg7 53.
h6+ Kh7 54. b5 Rxa6 55. bxa6 Kg8 56. a7 Kh7 57. Kg2 1-0

[Event "Late-Titled-Tuesday-Blitz-July-09-2024"]
[Site "Chess.com"]
[Date "2024.07.09"]
[Round "3"]
[White "Mikhal867"]
[Black "santig8"]
[Result "1-0"]
[WhiteElo "2441"]
[BlackElo "2270"]
[TimeControl "180+1"]
[EndTime "14:29:14 PDT"]
[Termination "Mikhal867 won by resignation"]

1. c4 e5 2. Nc3 Nf6 3. g3 Bc5 4. Bg2 c6 5. e3 d5 6. d4 exd4 7. exd4 Bb4 8. Qb3 a5 9. c5 O-O 10. Ne2 Bxc3+ 11. bxc3 Re8 12. Qc2 Qe7 13. Bf3 Bg4 14.
Bxg4 Nxg4 15. h3 Nf6 16. Be3 Qe4 17. Qxe4 Nxe4 18. O-O Nd7 19. Rab1 Rab8 20. Kg2 b6 21. Bf4 Rb7 22. f3 Nexc5 23. Nc1 Ne6 24. Bd6 b5 25. Nd3 h6 26. g4 Ra8 27. f4 b4 28. f5 Ng5 29. cxb4 axb4 30. Nxb4 Ne4 31. Bf4 Ra4 32. Nxc6 Rxa2+ 33. Kg1 Rxb1 34. Rxb1 Ndf6 35. Be5 Kh7 36. Nd8 Ng5 37. Bxf6 Nxh3+ 38. Kf1 gxf6 39. Rb7 Ng5 40. Nxf7 Nxf7 41. Rxf7+ Kg8 42. Rxf6 Kg7 43. Rg6+ Kh7 44. Rd6 Ra3 45. Kf2 Ra5 46. Kf3 Kg7 47. Kf4 Rb5 48. Ke5 Rb1 49. Rd7+ Kf8 50. Kf6 Ke8 51. Rxd5 Rg1 52.
Re5+ Kd7 53. Re4 Kd6 54. Kg6 Rh1 55. f6 Rf1 56. Re5 Rf4 57. Rf5 Rxg4+ 58. Kxh6 Ke6 59. f7 Rh4+ 60. Kg5 Rh8 61. f8=Q 1-0

[Event "Late-Titled-Tuesday-Blitz-July-09-2024"]
[Site "Chess.com"]
[Date "2024.07.09"]
[Round "3"]
[White "carloseduar100"]
[Black "Indefatigable11"]
[Result "0-1"]
[WhiteElo "2263"]
[BlackElo "2419"]
[TimeControl "180+1"]
[EndTime "14:29:15 PDT"]
[Termination "Indefatigable11 won by checkmate"]

1. g3 d5 2. Bg2 e5 3. Nf3 Nc6 4. O-O e4 5. Ne1 f5 6. d3 Nf6 7. Bg5 Be7 8. c4 dxc4 9. Nc3 cxd3 10. exd3 exd3 11. Nxd3 O-O 12. Re1 Bd6 13. Nd5 Bd7 14. Qb3 Kh8 15. Nxf6 gxf6 16. Bh6 Re8 17. Qf7 Rg8 18. Bd5 Rg6 19. Bf4 Qf8 20. Bxd6 Qxd6 21. Nf4 Rg7 22. Qh5 Ne5 23. Rad1 Bc6 24. Qxf5 Rg5 25.
Qe6 Bxd5 26. Rxd5 Qxe6 27. Nxe6 Nf3+ 28. Kf1 Rxd5 29. Re3 Ne5 30. Nxc7 Rd1+ 31. Kg2 Rad8 32. Rb3 b6 33. Ra3 a5 34. Rb3 R8d7 35. Ne6 R1d6 36.
Nf4 Nc4 37. h4 Kg7 38. h5 Kf7 39. Rb5 Ne5 40. b4 a4 41. a3 Nc4 42. Rf5 Nxa3 43. h6 Nc4 44. Ne2 a3 45. Nc3 Rd3 46.
Ne4 a2 47. Rxf6+ Ke8 48. Rc6 a1=Q 49. Nf6+ Ke7 50. Nxd7 Rxd7 51. Rxc4 Rd4 52. Rc7+ Kf6 53. Rxh7 Rd1 54. Rg7 Qb1 55. Rg4 Rg1+ 56. Kf3 Qd1+ 57. Kf4 Qd4+ 58. Kf3 Qd5+ 59. Kf4 Rd1 60. h7 Rd4+ 61.
Ke3 Rd3+ 62. Ke2 Qf3+ 63. Ke1 Rd1# 0-1

[Event "Late-Titled-Tuesday-Blitz-July-09-2024"]
[Site "Chess.com"]
[Date "2024.07.09"]
[Round "3"]
[White "pinelone"]
[Black "GMRafpig"]
[Result "0-1"]
[WhiteElo "2384"]
[BlackElo "2776"]
[TimeControl "180+1"]
[EndTime "14:29:20 PDT"]
[Termination "GMRafpig won on time"]

1. Nf3 Nf6 2. c4 e6 3. b3 d5 4. Bb2 Be7 5. g3 O-O 6. Bg2 a5 7. Nc3 c6 8. d4 b6 9. Ne5 Nfd7 10. Nf3 Ba6 11. Nd2 b5 12. O-O bxc4 13. bxc4 dxc4 14. Qc2 Nb6 15. Nce4 N8d7 16. Rfd1 Rc8 17. Nc5 Nxc5 18. dxc5 Nd7 19. Nxc4 Bxc4 20. Qxc4 Qc7 21. Bd4 Rb8 22. Rab1 h6 23. Rb3 Rxb3 24. axb3 Rb8 25. Be3 Rb4 26. Qd3 Nxc5 27. Bxc5 Bxc5 28. Qd8+ Qxd8 29.
Rxd8+ Kh7 30. Rd3 Rb6 31. Rc3 Bd4 32. Rd3 Bf6 33. f4 c5 34. Kf2 Rb4 35. Bf3 c4 36.
bxc4 Rxc4 37. Ra3 a4 38. Ra2 Be7 39. e3 a3 40. Be2 Rc1 41. Bd3+ g6 42. Kf3 Kg7 43. h4 Rc3 44. Be4 Bc5 45. Re2 a2 46. Rxa2 Rxe3+ 47. Kg2 Rxe4 48. Rc2 Bd4 49. Rc4 f5 50.
Kf3 Re3+ 51. Kg2 Rd3 52. Rc6 Kf6 53. Rc7 Rd2+ 54. Kh3 Bg1 55. g4 fxg4+ 56. Kxg4 h5+ 57. Kf3 Rh2 58. Rc8 Rxh4 0-1

[Event "Late-Titled-Tuesday-Blitz-July-09-2024"]
[Site "Chess.com"]
[Date "2024.07.09"]
[Round "3"]
[White "cristiano78"]
[Black "purpurice"]
[Result "1/2-1/2"]
[WhiteElo "2260"]
[BlackElo "2539"]
[TimeControl "180+1"]
[EndTime "14:29:21 PDT"]
[Termination "Game drawn by repetition"]

1. d4 Nf6 2. c4 c5 3. d5 e6 4. Nc3 exd5 5. cxd5 d6 6. h3 g6 7. Nf3 Bg7 8. e4 O-O 9. Bd3 a6 10. a4 Re8 11. O-O Nbd7 12. Re1 Qc7 13. Bf4 Nh5 14. Bh2 Ne5 15. Nxe5 Bxe5 16. Be2 Nf4 17. Bf1 Bd7 18. Qd2 Nh5 19. Be2 Nf6 20. Bf3 Bxh2+ 21. Kxh2 b5 22. axb5 axb5 23. Rxa8 Rxa8 24.
e5 Ne8 25. e6 fxe6 26. dxe6 Bc6 27. Nd5 Qg7 28. Qf4 Ra4 29. b4 Bxd5 30. Bxd5 Kh8 31.
e7 Qf6 32. Qxf6+ Nxf6 33. e8=Q+ Nxe8 34. Rxe8+ Kg7 35. bxc5 dxc5 36. Bc6 Ra5 37. Re5 b4 38. Bd5 Kf6 39. f4 Ra3 40. Bc4 Rc3 41. Rxc5 b3 42.
Rc6+ Ke7 43. Re6+ Kd7 44. Bxb3 Rxb3 45. Re5 Rc3 46. g4 Kd6 47. Re8 Rc4 48. Kg3 Rc3+ 49. Kh4 Rf3 50. Rf8 Ke7 51. Rh8 Rxf4 52. Rxh7+ Kf6 53. Kg3 g5 54. Rh6+ Kg7 55. Rh5 Kf6 56.
Rh6+ Kf7 57. Rh5 Kf6 58. Rh6+ 1/2-1/2

[Event "Late-Titled-Tuesday-Blitz-July-09-2024"]
[Site "Chess.com"]
[Date "2024.07.09"]
[Round "3"]
[White "Bkmzzzzz"]
[Black "Mikhail_Golubev"]
[Result "0-1"]
[WhiteElo "2419"]
[BlackElo "2634"]
[TimeControl "180+1"]
[EndTime "14:29:22 PDT"]
[Termination "Mikhail_Golubev won on time"]

1. e4 c5 2. Nf3 d6 3. d4 cxd4 4. Qxd4 Nc6 5. Bb5 Bd7 6. Qd3 g6 7. Nc3 Bg7 8. Bg5 Nf6 9. O-O-O O-O 10. e5 Ne8 11. exd6 Nxd6 12. Bxe7 Qxe7 13. Qxd6 Qxd6 14.
Rxd6 Be6 15. Bxc6 bxc6 16. Rxc6 Rfc8 17. Rxc8+ Rxc8 18. Kd2 Bh6+ 19. Kd3 Bf5+ 20. Ne4 Bxe4+ 21. Kxe4 Rxc2 22. Rb1 Rxf2 23. a4 Rxg2 24. b4 f5+ 25. Kd5 Rf2 26. Rb3 Kf7 27. b5 Ra2 28. Rb4 Be3 29.
Ne5+ Kg7 30. Nc6 Bb6 31. h4 h6 32. Ke6 Re2+ 33. Kd7 Ra2 34. Ke6 Re2+ 35. Kd7 Ra2 36. Kc8 g5 37. hxg5 hxg5 38. Kb7 g4 39.
Ne7 Kf6 40. Nd5+ Kg5 41. Nxb6 axb6 42. Kxb6 g3 43. a5 g2 44. Rb1 f4 45. a6 f3 46. a7 f2 47. Rb2 Rxb2 48. a8=Q Rxb5+ 49. Kc7 f1=Q 50. Qg8+ Kf4 51. Qe8 g1=Q 52. Qf8+ Ke3 53. Qe7+ Kd3 54. Qd6+ Kc3 55. Qa3+ Rb3 56. Qa5+ Kb2 57.
Qd2+ Kb1 58. Qc2+ Kxc2 0-1

[Event "Late-Titled-Tuesday-Blitz-July-09-2024"]
[Site "Chess.com"]
[Date "2024.07.09"]
[Round "3"]
[White "GAO"]
[Black "tusplingher"]
[Result "0-1"]
[WhiteElo "2446"]
[BlackElo "2671"]
[TimeControl "180+1"]
[EndTime "14:29:23 PDT"]
[Termination "tusplingher won by checkmate"]

1. e4 c5 2. Nf3 e6 3. c3 d5 4. exd5 exd5 5. d4 Nf6 6. Bb5+ Bd7 7.
Bxd7+ Nbxd7 8. O-O Be7 9. dxc5 Nxc5 10. Nbd2 O-O 11. Nb3 Nce4 12. Nbd4 Rc8 13. h3 Bc5 14. Be3 Re8 15. Re1 Bb6 16. Qd3 h6 17. a4 a6 18.
Nc2 Bxe3 19. Nxe3 Qb6 20. Re2 Nc5 21. Qc2 Nb3 22. Rd1 d4 23. Nxd4 Nxd4 24. Rxd4 Qc6 25.
Red2 Qc7 26. Rd1 Qc6 27. Qd3 Ne4 28. Rc4 Qe6 29. Rxc8 Rxc8 30. Nd5 Nc5 31. Qd4 Kh8 32. a5 Nb3 33. Qb6 Nc5 34. Qxe6 Nxe6 35. Nb6 Rc5 36. Rd7 Rxa5 37. Rxf7 Rb5 38. Rxb7 Rxb2 39. Rb8+ Kh7 40. Nd7 Rc2 41. Rb6 Nf4 42. Rxa6 Ne2+ 43. Kh2 Rxc3 44. Ne5 Nd4 45. Ra4 Nf5 46. Nf3 Rc2 47.
Kg1 Rc1+ 48. Kh2 Rc2 49. Rf4 Ne7 50. Nd4 Rd2 51. Ne6 Nd5 52. Rf7 Kg6 53. Rxg7+ Kf6 54. Rh7 Kxe6 55. Rxh6+ Ke5 56. f3 Nf4 57. Kg3 Rxg2+ 58.
Kh4 Kf5 59. Rh8 Ng6+ 60. Kh5 Nxh8 61. h4 Rg7 62. f4 Rh7# 0-1

[Event "Late-Titled-Tuesday-Blitz-July-09-2024"]
[Site "Chess.com"]
[Date "2024.07.09"]
[Round "3"]
[White "Boorchess"]
[Black "IngOscarArdila"]
[Result "1/2-1/2"]
[WhiteElo "2535"]
[BlackElo "2303"]
[TimeControl "180+1"]
[EndTime "14:29:23 PDT"]
[Termination "Game drawn - insufficient material"]

1. d4 Nf6 2. c4 e6 3. Nc3 c5 4. d5 exd5 5. cxd5 d6 6. e4 g6 7. f3 Bg7 8. Be3 O-O 9. Qd2 a6 10. a4 Nbd7 11. Nh3 Ne5 12. Nf2 Rb8 13.
Be2 h5 14. O-O Bd7 15. h3 b5 16. axb5 axb5 17. f4 Nc4 18. Bxc4 bxc4 19. Ra2 Re8 20.
Qe2 Bb5 21. Qf3 Qe7 22. Re1 Qc7 23. g4 hxg4 24. hxg4 Bd7 25. Kg2 Rb3 26. Re2 Reb8 27. Kg3 Qc8 28. e5 dxe5 29. fxe5 Nh7 30. Bf4 g5 31. Bd2 Rxb2 32. Rxb2 Rxb2 33. Qe4 Qb8 34. Kg2 Rxd2 35. Rxd2 Bxe5 36. Qf3 Bd4 37. Nce4 Qf4 38. Qxf4 gxf4 39. Rc2 f5 40. gxf5 Bxf5 41. Rxc4 Kg7 42.
Kf3 Nf6 43. Nd6 Bb1 44. Ng4 Nxd5 45. Ra4 Bc2 46. Ra7+ Kg6 47. Ke2 Bf5 48. Nf2 Nc3+ 49. Kf1 Be3 50. Ra6 Bxf2 51. Kxf2 Kg5 52. Nxf5 Kxf5 53.
Kf3 Ke5 54. Rh6 Nd5 55. Rh8 Kd4 56. Rh1 c4 57. Rd1+ Ke5 58. Re1+ Kd4 59. Rd1+ Kc5 60. Ra1 c3 61. Ke4 Kc4 62. Ra4+ Nb4 63. Ra1 f3 64. Kxf3 Kb3 65. Rc1 Kb2 66. Rxc3 Kxc3 1/2-1/2

[Event "Late-Titled-Tuesday-Blitz-July-09-2024"]
[Site "Chess.com"]
[Date "2024.07.09"]
[Round "3"]
[White "klercaku"]
[Black "ManMish2"]
[Result "0-1"]
[WhiteElo "2390"]
[BlackElo "2599"]
[TimeControl "180+1"]
[EndTime "14:29:24 PDT"]
[Termination "ManMish2 won by checkmate"]

1. e4 e5 2. Nf3 Nc6 3. d4 exd4 4. Nxd4 Nf6 5. Nc3 Bb4 6. Nxc6 bxc6 7. Bd3 d5 8. exd5 O-O 9. O-O Bg4 10. Be2 Bxe2 11. Qxe2 cxd5 12. Bg5 c6 13. Qf3 h6 14. Bxf6 Qxf6 15. Qxf6 gxf6 16. Ne2 Rfe8 17. Nd4 Rac8 18. a3 Bc5 19. Nf5 Re2 20. Rac1 Kh7 21. b4 Bb6 22. c4 dxc4 23. Rxc4 Rd8 24. Ng3 Re6 25. a4 a6 26.
Ne4 Rd4 27. Rxd4 Bxd4 28. Ng3 Bc3 29. Rb1 Re1+ 30. Rxe1 Bxe1 31. Ne4 Bxb4 32. Nxf6+ Kg6 33. Nd7 c5 34. Kf1 Kf5 35. Nb6 Ke4 36. Ke2 Kd4 37. Kd1 Kd3 38. Nd5 a5 39. Nf4+ Kc3 40. Nd5+ Kb3 41.
Nb6 c4 42. Kc1 c3 43. Nd5 Ba3+ 44. Kd1 c2+ 45. Ke2 c1=Q 46. Ne3 Qb2+ 47. Kf3 Qf6+ 48.
Kg3 Bd6+ 49. Kh3 Qe6+ 50. g4 Qe4 51. Kh4 Bf4 52. Nf5 Bg5+ 53. Kh5 Qg2 54. h4 Bf4 55. f3 Kxa4 56. Nd4 Qd2 57. Nf5 Qd3 58. Ng7 Qg6# 0-1

[Event "Late-Titled-Tuesday-Blitz-July-09-2024"]
[Site "Chess.com"]
[Date "2024.07.09"]
[Round "3"]
[White "cthulhuuu"]
[Black "ValeriyGrinev"]
[Result "0-1"]
[WhiteElo "2454"]
[BlackElo "2676"]
[TimeControl "180+1"]
[EndTime "14:29:30 PDT"]
[Termination "ValeriyGrinev won on time"]

1. e4 c6 2. d3 d5 3. Nd2 e5 4.
Ngf3 Bd6 5. d4 exd4 6. exd5 Nf6 7. dxc6 Nxc6 8. Nb3 O-O 9. Be2 Bc7 10. O-O Re8 11. Nc5 Qd5 12. Nd3 Bg4 13. h3 Bf5 14. Re1 Rad8 15.
Bg5 Ba5 16. Bd2 Bc7 17. Bg5 Qd6 18. Bf4 Qd7 19. Bxc7 Qxc7 20. Qd2 Ne4 21. Qf4 Qc8 22. Rad1 Bg6 23. Nh4 Nf6 24. Nxg6 hxg6 25. Bf3 Rxe1+ 26.
Rxe1 Re8 27. Rxe8+ Qxe8 28. Bxc6 Qxc6 29. Qxd4 Qxc2 30.
Ne5 Qc1+ 31. Kh2 Qc7 32. f4 a6 33. Qc4 Qe7 34. Nxg6 Qe8 35. Ne5 b5 36. Qb3 Ne4 37.
Qd5 Nf6 38. Qc6 Qd8 39. Qxa6 Qd2 40. Qc8+ Kh7 41. Qf5+ Kg8 42. Qc8+ Kh7 43. Qf5+ Kg8 44. Ng4 Nxg4+ 45. hxg4 Qxb2 46. Qc8+ Kh7 47. Qf5+ Kg8 48. Qd5 Qb4 49. Kg3 Qc3+ 50. Qf3 Qd2 51. Qa8+ Kh7 52. Qe4+ g6 53. Qb1 Qe3+ 54. Kh4 Qxf4 55. Kh3 Qe3+ 56.
g3 Qe2 57. Qb3 Qf1+ 58. Kh2 Kg8 59. Qc2 b4 60. Qc8+ Kg7 61. Qc2 Qf6 62. Kg2 Qc3 63. Kh3 Qxc2 0-1

[Event "Late-Titled-Tuesday-Blitz-July-09-2024"]
[Site "Chess.com"]
[Date "2024.07.09"]
[Round "3"]
[White "Javokhir_Sindarov05"]
[Black "ChessicallyInclined"]
[Result "1/2-1/2"]
[WhiteElo "3064"]
[BlackElo "2743"]
[TimeControl "180+1"]
[EndTime "14:29:32 PDT"]
[Termination "Game drawn - insufficient material"]

1. e4 e5 2. Nf3 Nc6 3. Bc4 Bc5 4.
Nc3 Nf6 5. d3 O-O 6. O-O h6 7. a3 a6 8. Be3 d6 9. Bxc5 dxc5 10.
Nd5 Bg4 11. h3 Bh5 12. Ne3 b5 13. Ba2 Qd7 14. g4 Bg6 15. Nh4 Kh8 16. Nd5 Nh7 17.
f4 exf4 18. Nxf4 Ne5 19. Qe1 c4 20. Qc3 Qe7 21. Nhxg6+ Nxg6 22. Nxg6+ fxg6 23. dxc4 Ng5 24. cxb5 axb5 25. Bd5 c6 26. Bb3 Nxe4 27. Qe3 Qc5 28. Qxc5 Nxc5 29. Bf7 g5 30. Rae1 Nd7 31. Bg6 Nf6 32.
Re5 Nd5 33. Rxf8+ Rxf8 34. Re8 Kg8 35. Bh7+ Kf7 36. Bg6+ Kg8 37. Rxf8+ Kxf8 38. Be4 Ne7 39. Kf2 Kf7 40. Ke3 Ke6 41. Kd4 Kd6 42. b4 Nc8 43. c4 bxc4 44. Kxc4 Nb6+ 45. Kd4 Nd7 46. a4 c5+ 47.
bxc5+ Nxc5 48. Bc2 Ne6+ 49. Kc4 Nf4 50. a5 Kc7 51. Kb5 Nxh3 52. a6 Nf2 53. Bf5 Nd1 54. Kc5 Nc3 55. Bd3 Na4+ 56. Kb5 Nb6 57. a7 Kb7 58.
a8=Q+ Nxa8 59. Be4+ Kb8 60. Kc6 Nc7 61. Kd7 Nb5 62. Ke7 Nc3 63. Bf3 g6 64. Kf6 h5 65.
gxh5 gxh5 66. Bxh5 g4 67. Bxg4 1/2-1/2

[Event "Late-Titled-Tuesday-Blitz-July-09-2024"]
[Site "Chess.com"]
[Date "2024.07.09"]
[Round "3"]
[White "Hirna2005"]
[Black "yaguigor"]
[Result "0-1"]
[WhiteElo "2414"]
[BlackElo "2622"]
[TimeControl "180+1"]
[EndTime "14:29:35 PDT"]
[Termination "yaguigor won by resignation"]

1. e4 Nc6 2. Nf3 e5 3. Bc4 Bc5 4. c3 Nf6 5. d4 exd4 6. e5 d5 7. Bb5 Ne4 8. Nxd4 O-O 9. Bxc6 bxc6 10. O-O Qh4 11. Be3 Bd7 12. Nd2 f5 13. N4f3 Qh5 14. Bxc5 Nxc5 15. Nd4 Qxd1 16. Rfxd1 Nd3 17. e6 Be8 18. b4 a5 19. N2f3 Nb2 20. Rdb1 Nc4 21. a4 h6 22. b5 cxb5 23. Nxb5 Bxb5 24. Rxb5 c6 25. Rb7 Rae8 26. Re1 Rf6 27. e7 Nd6 28.
Rd7 Ne4 29. Nd4 Kf7 30. f3 Nxc3 31. Rc1 c5 32. Rxc3 cxd4 33. Rd3 Rxe7 34. Rxe7+ Kxe7 35. Rxd4 Kd6 36. Kf2 Kc5 37. Rd1 d4 38. Ke2 Re6+ 39. Kd2 Re3 40. Rb1 Ra3 41. Rb5+ Kc4 42. Rxa5 Ra2+ 43.
Ke1 Rxg2 44. Ra8 Rxh2 45. a5 Ra2 46. a6 Kd3 47. f4 Ke4 48. Rg8 Rxa6 49. Rxg7 Kxf4 50.
Rh7 Ke3 51. Re7+ Kd3 52. Kf2 f4 53. Kf3 Ra1 54. Kxf4 Rf1+ 55. Kg3 Kd2 56. Re6 d3 57. Rxh6 Kc2 58. Rc6+ Kd1 59. Kg2 Rf8 60. Rc7 d2 61.
Rd7 Rc8 62. Kf2 Kc1 63. Ke2 Re8+ 64. Kf3 d1=Q+ 65. Rxd1+ Kxd1 0-1

[Event "Late-Titled-Tuesday-Blitz-July-09-2024"]
[Site "Chess.com"]
[Date "2024.07.09"]
[Round "3"]
[White "Seochesspie"]
[Black "Dexter_Dyke"]
[Result "1-0"]
[WhiteElo "2941"]
[BlackElo "2496"]
[TimeControl "180+1"]
[EndTime "14:29:37 PDT"]
[Termination "Seochesspie won on time"]

1. e4 e6 2. d4 a6 3. c4 d5 4.
Nc3 Bb4 5. cxd5 exd5 6. e5 c5 7. a3 Bxc3+ 8. bxc3 Nc6 9. Nf3 Nge7 10. Be2 O-O 11. O-O Bg4 12. a4 Bxf3 13. Bxf3 cxd4 14. cxd4 Qb6 15. Be3 a5 16. Rb1 Nb4 17. Bg4 f5 18. exf6 Qxf6 19. Qb3 Nf5 20. Bxf5 Qxf5 21. Bd2 Nc2 22.
Bc3 Rf7 23. Rbc1 Nb4 24. Bxb4 axb4 25. Qxb4 h5 26. Rc5 h4 27. h3 Ra6 28. Qb3 Rd7 29. Rb5 Rg6 30. Rxb7 Rxb7 31. Qxb7 Kh7 32. Qb3 Qe4 33. f3 Qxd4+ 34. Kh1 Qd2 35. Rg1 Re6 36. Qb1+ g6 37. Rd1 Qf2 38. a5 Re2 39. Rg1 Ra2 40.
Qb7+ Kh6 41. Qxd5 Re2 42. Qc4 Re1 43. Qf4+ g5 44. Qd6+ Kh5 45. Rxe1 Qxe1+ 46. Kh2 Qxa5 47. f4 Qf5 48. fxg5 Qxg5 49. Qc7 Qf5 50. Kg1 Qb1+ 51. Kh2 Qf5 52. Qd6 Kg5 53. Qe7+ Kh5 54. Qe2+ Kg6 55.
Qe3 Kh5 56. Kg1 Qb1+ 57. Kf2 Qc2+ 58. Kf3 Qf5+ 59. Qf4 Qd5+ 60. Kf2 Qd3 61. Qf3+ Qxf3+ 62. Kxf3 Kg5 63. Ke4 Kf6 64. Kf4 Kg6 65. Kg4 Kh6 66.
Kxh4 1-0

[Event "Late-Titled-Tuesday-Blitz-July-09-2024"]
[Site "Chess.com"]
[Date "2024.07.09"]
[Round "3"]
[White "Vladimir_2020"]
[Black "rpragchess"]
[Result "1/2-1/2"]
[WhiteElo "2757"]
[BlackElo "3103"]
[TimeControl "180+1"]
[EndTime "14:29:40 PDT"]
[Termination "Game drawn by repetition"]

1. e4 Nc6 2. Nf3 d6 3. d4 Nf6 4.
Nc3 g6 5. Be2 Bg7 6. O-O O-O 7.
d5 Nb8 8. Re1 e5 9. dxe6 Bxe6 10. h3 Nc6 11. Bf1 Re8 12. Bf4 h6 13. Qd2 g5 14.
Bh2 g4 15. hxg4 Nxg4 16. Bg3 Qf6 17. Nd5 Bxd5 18. exd5 Nd4 19. Nxd4 Qxd4 20. Qxd4 Bxd4 21. c3 Bb6 22. Bb5 Rxe1+ 23. Rxe1 Nf6 24. c4 Bd4 25. Re2 a6 26. Ba4 b5 27. cxb5 axb5 28. Bb3 Bb6 29. Kf1 b4 30. f3 Ra5 31. Be1 Nxd5 32. Bxd5 Rxd5 33. Bxb4 Rh5 34. Re8+ Kh7 35. Bc3 Rh1+ 36. Ke2 Rh2 37. Kf1 Kg6 38. a4 Rh1+ 39. Ke2 Ra1 40.
g4 f5 41. a5 Kf7 42. Rc8 Bxa5 43. Ra8 Bxc3 44. Rxa1 Bxb2 45. Ra7 fxg4 46. fxg4 Ke6 47. Rxc7 Bf6 48. Kf3 Bg5 49. Ra7 Kd5 50. Ra5+ Kd4 51. Ra4+ Kd3 52. Ra5 Kd4 53. Ra4+ Ke5 54. Rb4 d5 55.
Ra4 Bd2 56. Ra2 Bc1 57. Ra4 Bg5 58. Ke2 Kd6 59. Kd3 Ke5 60. Ke2 Bc1 61. Kd3 Bf4 62. Ke2 Bg5 63. Kd3 Bf6 64. Ke2 Be7 65. Kd3 Bd8 66.
Ke2 Bh4 67. Kd3 Bg5 68. Ke2 1/2-1/2

[Event "Late-Titled-Tuesday-Blitz-July-09-2024"]
[Site "Chess.com"]
[Date "2024.07.09"]
[Round "3"]
[White "temus_galaktionov"]
[Black "swayamsm"]
[Result "0-1"]
[WhiteElo "2828"]
[BlackElo "2626"]
[TimeControl "180+1"]
[EndTime "14:29:41 PDT"]
[Termination "swayamsm won on time"]

1. d4 Nf6 2. c4 e6 3. Nf3 b6 4. g3 Bb7 5. Bg2 Bb4+ 6. Bd2 Bxd2+ 7. Qxd2 O-O 8. O-O d6 9. Nc3 Nbd7 10. Qf4 Re8 11.
e4 e5 12. dxe5 Nxe5 13. Nxe5 dxe5 14. Qe3 Qd4 15. Qe2 Ba6 16. Nb5 Bxb5 17. cxb5 Rad8 18. Rfd1 Qb4 19. Rac1 Rxd1+ 20. Rxd1 h6 21. a3 Qb3 22. Rd2 Re6 23. Rd3 Qa2 24. h4 Rd6 25. Rxd6 cxd6 26.
Bf3 Qb3 27. Kg2 Kf8 28. Qd2 Ke7 29. Qe2 Nd7 30. Bh5 Nc5 31. Qg4 g6 32. Bxg6 fxg6 33. Qxg6 Qf7 34. Qxh6 Nxe4 35. f3 Nf6 36. g4 Qh7 37.
Qg5 Ke6 38. h5 Qc2+ 39. Kg3 Qd3 40. Kg2 Qxb5 41. Qf5+ Ke7 42. g5 Qxb2+ 43. Kh3 Nd5 44.
Qh7+ Ke6 45. Qg8+ Kf5 46. Qxd5 Kxg5 47. Qf7 Qb1 48. h6 Qh1+ 49. Kg3 Qxh6 50. Qxa7 Qh4+ 51.
Kg2 Qd4 52. Qg7+ Kf5 53. Qf7+ Kg5 54. Qg7+ Kf4 55. Qh6+ Kf5 56. Qh7+ Ke6 57. Qg8+ Kd7 58. Qf7+ Kc6 59. Qe6 Kb5 60. Qb3+ Ka5 61. Qb2 Ka4 62. Qa2 b5 63. Kg3 Qc3 0-1

[Event "Late-Titled-Tuesday-Blitz-July-09-2024"]
[Site "Chess.com"]
[Date "2024.07.09"]
[Round "3"]
[White "EternalNight8"]
[Black "Navyblue1"]
[Result "0-1"]
[WhiteElo "2370"]
[BlackElo "2128"]
[TimeControl "180+1"]
[EndTime "14:29:43 PDT"]
[Termination "Navyblue1 won by checkmate"]

1. e4 c5 2. Nf3 d6 3. d4 cxd4 4. Nxd4 Nf6 5. Nc3 a6 6. Bg5 Nbd7 7. f4 Qc7 8. Qf3 h6 9. Bxf6 Nxf6 10. f5 b5 11. O-O-O Bb7 12. Bd3 Rc8 13. Rhe1 Qc5 14. Kb1 Nd7 15. Nb3 Qe5 16. g4 g6 17.
fxg6 fxg6 18. Rf1 Qe6 19. Nd4 Qg8 20. Nd5 Bg7 21. Qe3 Ne5 22. g5 h5 23. Nxb5 axb5 24. Bxb5+ Bc6 25. Qa7 Qe6 26. Bxc6+ Nxc6 27. Nc7+ Rxc7 28.
Qxc7 Qd7 29. Qb6 Ne5 30. c3 Qd8 31. Qf2 Qb8 32. Qe2 Kd8 33. Rf2 Qb6 34. Rdf1 Re8 35. Qc2 Qb5 36. a3 Nc4 37. a4 Na3+ 38. Kc1 Nxc2 39. axb5 Ne3 40. Re1 Nc4 41. Rfe2 Be5 42. Kc2 Nb6 43. b3 Kd7 44. c4 Rc8 45. Kd3 Ke6 46. Rf1 Nd7 47. Ref2 Nc5+ 48. Ke3 Nxb3 49. Rf7 Rxc4 50. b6 Rc3+ 51. Ke2 Nc5 52. Rh7 Rb3 53. Rff7 d5 54. Rxe7+ Kd6 55. exd5 Rxb6 56. Reg7 Kxd5 57.
Rf7 Ne4 58. Kf3 Nxg5+ 59. Kg2 Nxf7 60. Rxf7 Rf6 61. Ra7 Ke6 62. Ra6+ Kf5 63. Ra4 g5 64. h3 h4 65. Kf3 Bf4 66. Ra5+ Kg6 67. Kg4 Re6 68.
Rb5 Rf6 69. Rc5 Be3 70. Re5 Rf4# 0-1

[Event "Late-Titled-Tuesday-Blitz-July-09-2024"]
[Site "Chess.com"]
[Date "2024.07.09"]
[Round "3"]
[White "ernestina08chess"]
[Black "Ninocanina"]
[Result "0-1"]
[WhiteElo "2296"]
[BlackElo "1960"]
[TimeControl "180+1"]
[EndTime "14:29:46 PDT"]
[Termination "Ninocanina won by resignation"]

1. e4 e6 2. d4 d5 3. e5 c5 4. c3 Nc6 5. Nf3 a6 6. Bd3 b5 7. O-O cxd4 8. cxd4 Qb6 9. Be3 Bd7 10. Nc3 Nh6 11. Bb1 Ng4 12. Bf4 Be7 13. h3 Nh6 14. Ne2 Nf5 15. g4 Nh4 16. Nxh4 Bxh4 17. Kg2 O-O 18.
Qd3 g6 19. g5 Qd8 20. Qe3 Kg7 21. Ng1 h6 22. gxh6+ Kh7 23. Nf3 Be7 24. Ng5+ Bxg5 25. Bxg5 f6 26. Bxf6 Rxf6 27. exf6 Qxf6 28. Rd1 Rf8 29. Bc2 e5 30. dxe5 Nxe5 31. Rd4 Nf3 32. Rad1 Nh4+ 33. Rxh4 Qxh4 34. Rd4 Qf6 35. h4 Rf7 36. a3 Re7 37. Qf3 Qxf3+ 38. Kxf3 Kxh6 39. Bb3 Rf7+ 40. Ke3 Re7+ 41. Kd2 Rf7 42. Bxd5 Rxf2+ 43. Kc3 Bf5 44. Kb4 Rxb2+ 45. Kc5 a5 46. Kb6 b4 47.
axb4 axb4 48. Kc5 Rb1 49. Rxb4 Rxb4 50. Kxb4 Bg4 51. Kc3 Kh5 52. Kd2 Kxh4 53. Ke1 Kh3 54. Kf1 Kh2 55. Kf2 g5 56. Bg2 Be6 57. Be4 g4 58.
Bc6 g3+ 59. Kf1 Bh3+ 60. Ke2 Bd7 61. Be4 Bb5+ 62. Ke1 Bc4 63. Bc6 Kg1 64. Bb7 Ba6 65. Bc6 Bf1 66. Bd5 Bg2 67. Be6 Kh2 68. Ke2 Be4 69. Kf1 g2+ 70. Kf2 g1=Q+ 71. Ke2 Qg2+ 72. Ke3 Qf3+ 0-1

[Event "Late-Titled-Tuesday-Blitz-July-09-2024"]
[Site "Chess.com"]
[Date "2024.07.09"]
[Round "3"]
[White "GlavkonVVS"]
[Black "SimplyDevina"]
[Result "1/2-1/2"]
[WhiteElo "2577"]
[BlackElo "2368"]
[TimeControl "180+1"]
[EndTime "14:30:05 PDT"]
[Termination "Game drawn by stalemate"]

1. c4 e6 2. Nc3 d5 3. d4 Be7 4.
Nf3 Nf6 5. Bg5 O-O 6. e3 h6 7. Bxf6 Bxf6 8. Qc2 a6 9. a4 Nc6 10. cxd5 exd5 11. Be2 Nb4 12. Qb3 a5 13. O-O Bf5 14. Rac1 c6 15. Rfd1 Re8 16. Ne1 Qd6 17. Nd3 Re7 18.
Na2 Bxd3 19. Bxd3 Nxa2 20. Qxa2 Qb4 21. b3 Rae8 22. g3 Qd6 23. Bb1 Bg5 24. Qc2 g6 25. Re1 Qf6 26. Rcd1 Qf3 27. Qc3 h5 28. Qd3 h4 29. Qe2 Qf6 30. Qg4 hxg3 31. hxg3 Kg7 32. Kg2 Rh8 33. Rh1 Ree8 34. Rxh8 Rxh8 35. f4 Bh6 36.
Qd7 Qe6 37. Qxe6 fxe6 38. g4 Kf7 39. Rh1 Bg7 40. Rf1 Kf6 41. Kg3 Ke7 42. Bxg6 Bf6 43.
g5 Bg7 44. Bd3 Rc8 45. Rc1 b6 46. Bb5 c5 47. Kf3 Kd6 48. dxc5+ bxc5 49. Rh1 c4 50. Rh7 c3 51. Bd3 c2 52. Bxc2 Rxc2 53. Rxg7 Rc3 54.
Ra7 d4 55. Ra6+ Ke7 56. Rxa5 Rxe3+ 57. Kf2 Rxb3 58. Re5 Ra3 59. a5 d3 60. Ke3 Kf7 61. Kd2 Ra4 62. f5 exf5 63. Rxf5+ Kg6 64. Rb5 Ra3 65.
Ke3 Kg7 66. Rd5 Kg6 67. Kf4 d2 68. Rxd2 Rxa5 69. Rd6+ Kg7 70. Kg4 Ra1 71. Rd7+ Kg6 72. Rd6+ Kg7 73. Rd4 Rg1+ 74. Kf5 Rf1+ 75. Rf4 Ra1 76. Re4 Ra5+ 77. Re5 Rxe5+ 78. Kxe5 Kg6 79. Kf4 Kg7 80. Kg4 Kg6 81. Kh4 Kg7 82. Kh5 Kh7 83.
Kg4 Kg6 84. Kf4 Kg7 85. Kf5 Kf7 86. g6+ Kg7 87. Kg5 Kg8 88. Kf6 Kf8 89. Ke5 Kg7 90. Kf5 Kg8 91. Kg5 Kg7 92. Kh5 Kg8 93. Kh6 Kh8 94. Kg5 Kg7 95. Kf5 Kg8 96. Kf6 Kf8 97.
g7+ Kg8 98. Kg6 1/2-1/2